 Dungeon Crawl Stone Soup version 0.30.0-13-g156ef70053 (webtiles) character file.

Game seed: 972952345413276800

207 NinjaNoafa the Cudgeller (level 6, -9/53 HPs)
             Began as a Meteoran Monk on May 17, 2023.
             Was a Priest of the Shining One.
             Mangled by an ogre
             ... wielding a +0 giant spiked club
              (18 damage)
             ... on level 4 of the Dungeon.
             The game lasted 00:06:34 (2131 turns).

NinjaNoafa the Cudgeller (Meteoran Monk)            Turns: 2131, Time: 00:06:34

Health: -9/53      AC: 12    Str: 14    XL:     6   Next: 33%
Magic:  4/8        EV:  8    Int: 12    God:    the Shining One [***...]
Gold:   162        SH:  0    Dex: 17    Spells: 5/5 levels left

rFire   . . .        p - +0 flail
rCold   . . .        d - orb {light}
rNeg    + . .        f - +0 chain mail
rPois   .            s - +0 helmet
rElec   .            h - +0 cloak
rCorr   +            b - +0 pair of gloves
SInv    .            (no boots)
Will    .....        c - amulet of faith Stlth
                     u - ring of resist corrosion
HPRegen 0.28/turn    (no ring)
MPRegen 0.11/turn

%: faith
@: glowing
A: sense surroundings 1, otherworldly, glowing, explore regen
a: Renounce Religion, Divine Shield, Cleansing Flame


You were on level 4 of the Dungeon.
You worshipped the Shining One.
The Shining One was most pleased with you.
You visited 1 branch of the dungeon, and saw 4 of its levels.

You collected 162 gold pieces.

Inventory:

Hand Weapons
 p - a +0 flail (weapon)
Missiles
 i - 3 poisoned darts (quivered)
Armour
 b - a +0 pair of gloves (worn)
 d - an orb of light (worn)
 f - a +0 chain mail (worn)
 h - a +0 cloak (worn)
 s - a +0 helmet (worn)
Jewellery
 c - an amulet of faith (around neck)
 u - a ring of resist corrosion (left hand)
Scrolls
 e - 3 scrolls of fear {unknown}
 j - a scroll of brand weapon {unknown}
 m - 2 scrolls of vulnerability {unknown}
 n - 3 scrolls of identify {unknown}
 o - a scroll of enchant armour {unknown}
Potions
 a - a potion of berserk rage {unknown}
 g - 2 potions of attraction {unknown}
 k - 2 potions of invisibility {unknown}
 l - 2 potions of might
 q - a potion of mutation {unknown}
 r - a potion of ambrosia
 t - a potion of curing


   Skills:
 - Level 4.4 Fighting
 + Level 5.1 Maces & Flails
 - Level 2.8 Armour
 - Level 4.9 Dodging
 + Level 2.0 Invocations


You had 5 spell levels left.
You didn't know any spells.
Your spell library contained the following spells:

 Spells                   Type           Power      Damage    Failure   Level
 Summon Small Mammal      Summ           0%         N/A       99%         1
 Blink                    Tloc           0%         N/A       100%        2
 Lesser Beckoning         Tloc           0%         N/A       100%        2
 Momentum Strike          Conj/Tloc      0%         3d8       100%        2
 Call Canine Familiar     Summ           0%         N/A       100%        3
 Summon Guardian Golem    Hex/Summ       0%         N/A       100%        3


Dungeon Overview and Level Annotations

Branches:
Dungeon (4/15) Zot: 191
 Temple: D:4-7

Altars:
Xom
The Shining One

Shops:
D:1 *   D:4 [[

Annotations:
D:2 1 runed translucent door, Crazy Yiuf


Innate Abilities, Weirdness & Mutations

You passively map a small area around you.
You are easily found by Zot.
You glow in the dark.
You regain HP and MP as you explore.


Message History

The kobold hits you but does no damage.
Unknown command.
Unknown command.
You sock the kobold!
You kill the kobold!
Things that are here:
a +0 dagger; a kobold corpse You hit the kobold.
The kobold is heavily wounded.
The kobold hits you but does no damage. x2
You hit the kobold.
You kill the kobold!
Things that are here:
a +0 short sword of flaming; a kobold corpse
u - a ring of resist corrosion
u - a ring of resist corrosion (left hand)
You now have 162 gold pieces (gained 14).
Found 14 gold pieces.
An ogre is nearby!
An ogre is nearby!
An ogre is nearby!
The ogre hits you with a +0 giant spiked club!
You hit the ogre but do no damage.
The ogre hits you with a +0 giant spiked club!
You hit the ogre.
The ogre is lightly wounded.
You hit the ogre.
The ogre is lightly wounded.
The ogre hits you with a +0 giant spiked club!!
* * * LOW HITPOINT WARNING * * *
Unknown command.
Activating: Cleansing Flame (69% risk of failure)
Press: ? - help, Dir - look around, f - activate The golden flame engulfs you but does no damage.
You resist.
The golden flame engulfs the ogre!!
The ogre is almost dead.
You hear a bark!
You hear a shout!
You hear an angry hiss.
You hear a howl!
A hound comes into view.
The ogre hits you with a +0 giant spiked club!!
You die...

...............#.##.... ,
#######.....##).........
, , ................... .
#...#.#.<#........ * *,
#........#........
#........#........ ,, *
#................. ....
#................. .... ,
*#.....@........... ....#
...###.O$.........
SS..#+#+###.*
#.........., ,
..........#, ...........
, , ..........#
,........#..$,
..........#..........##h,
, .....<.oo.............
....O................## ,
, ....#........ ,


You could see an ogre and a hound.

Vanquished Creatures
  A scorpion (D:3)
  Terence (D:2)
  3 adders
  2 dart slugs
  2 orcs (D:3)
  8 ball pythons
  5 bats
  2 endoplasms
  6 giant cockroaches
  10 goblins
  11 hobgoblins
  12 jackals
  10 kobolds
  3 frilled lizards
  5 rats
81 creatures vanquished.

Notes
Turn   | Place    | Note
-------+----------+-------------------------------------------
     0 | D:1      | NinjaNoafa the Meteoran Monk began the quest for the Orb.
     0 | D:1      | Reached XP level 1. HP: 19/19 MP: 2/2
    73 | D:1      | Reached XP level 2. HP: 26/26 MP: 3/3
   285 | D:1      | Reached XP level 3. HP: 31/31 MP: 4/4
   314 | D:1      | Found Pabaeluy's Assorted Antiques.
   363 | D:1      | Reached skill level 1 in Armour
   483 | D:1      | Glimpsed the power of Zot.
   532 | D:1      | Glimpsed the power of Zot.
   608 | D:2      | Found a runed translucent door.
   609 | D:2      | Noticed Crazy Yiuf
   639 | D:2      | Reached XP level 4. HP: 40/40 MP: 5/5
   653 | D:2      | Found a faded altar of an unknown god.
   671 | D:2      | Noticed Terence
   696 | D:2      | Killed Terence
   707 | D:2      | Prayed at the altar of an unknown god.
   707 | D:2      | Became a worshipper of the Shining One
   707 | D:2      | Reached * piety under the Shining One
   707 | D:2      | Reached ** piety under the Shining One
   741 | D:2      | Found a shimmering altar of Xom.
   998 | D:2      | Reached XP level 5. HP: 46/46 MP: 6/6
  1061 | D:2      | Glimpsed the power of Zot.
  1111 | D:2      | Glimpsed the power of Zot.
  1192 | D:3      | Reached *** piety under the Shining One
  1256 | D:3      | Reached skill level 1 in Invocations
  1256 | D:3      | Reached XP level 6. HP: 52/52 MP: 6/8
  1625 | D:3      | Glimpsed the power of Zot.
  1660 | D:4      | Found Heuc's Antique Armour Emporium.
  1662 | D:4      | Reached skill level 5 in Maces & Flails
  1696 | D:4      | Found Masserr's Armour Emporium.
  1709 | D:4      | Noticed an ogre
  2131 | D:4      | Mangled by an ogre

Illustrated notes

Levels and vault maps discovered:
D:1:      minmay_arrival_three_doors, layout_basic, serial_shops, shop,
          minmay_tromino_v4_a
D:2:      layout_basic, hellmonk_ecumenical_altar_pennies_from_heaven,
          basic_altar, palyth_stone_intersect, uniq_crazy_yiuf_cottage,
          uniq_terence
D:3:      minmay_inner_zag, layout_rooms, serial_co_window_serial,
          co_window_corner_a, co_window_paths_a, co_window_corner_a,
          co_window_paths_a, co_window_paths_a, co_window_paths_a,
          co_window_2corner, co_window_unsneaky_path_b,
          co_window_of_opportunity_b, co_window_corner_b, co_window_broadway_a,
          glass_columns_a, glass_columns_a, glass_columns_a, glass_columns_a,
          glass_columns_a
D:4:      layout_basic, serial_shops, nicolae_take_the_stairs, shop, shop,
          nicolae_shop_pleasant_corner_grove, shop, nicolae_elemental_shop,
          grunt_ministairs_3, eino_curves_02

Skill      XL: |  1  2  3  4  5  6 |
---------------+-------------------+-----
Dodging        | 4 |  4.9
Armour         | 1 2 |  2.8
Fighting       | 4 |  4.4
Invocations    | 1 2 |  2.0
Maces & Flails | 5 |  5.1

Action                     |  1- 3 |  4- 6 || total
---------------------------+-------+-------++-------
  Melee: Mace              |    99 |    90 ||   189
         Flail             |       |    39 ||    39
 Invoke: Cleansing Flame   |       |     1 ||     1
    Use: Potion            |       |     3 ||     3
 Armour: Robe              |     4 |       ||     4
         Leather armour    |    24 |       ||    24
         Ring mail         |    21 |       ||    21
         Scale mail        |     6 |     7 ||    13
         Chain mail        |       |   107 ||   107
  Dodge: Dodged            |    63 |    54 ||   117
